AoeStats
← RustBuckets

Oasis

508567863Analyzed
4v4 RM · 11d ago on Sep 23, 2026· 29m 8s· 8 players
Game mode
Random Map
Map size
Large (8 player)
Population
200
Speed
Normal
Resources
Standard
Victory
Conquest
Starting age
Dark Age
Ending age
Imperial Age
RankedLock teamsTeams togetherTeam positionsShared explorationLock speedFull tech treeHidden civsTurbo modeCheats
Victory
Defeat
🇦🇷 Mongols · Argentina
1096
+16
🇨🇦 Vikings · Canada
1096
+16
🇦🇷 Huns · Argentina
1084
+17
🇲🇽 Magyars · Mexico
1082
+17
🇲🇽 Franks · Mexico
1130
-18
🇺🇸 Varangians · United States
1111
-17
🇺🇸 Saxons · United States
1093
-16
🇺🇸 Britons · United States
1062
-15
Reshi
6:00 Loom
12:43 Feudal Age
13:15 Double-Bit Axe
13:11 Man-at-Arms
16:15 Arson
19:18 Forging
19:56 Scale Mail Armor
25:31 Castle Age
25:44 Pikeman
25:45 Long Swordsman
26:26 Squires
Gustatro
3:04 Loom
11:15 Feudal Age
13:21 Double-Bit Axe
15:15 Man-at-Arms
15:42 Arson
20:32 Castle Age
22:07 Husbandry
22:19 Scale Barding Armor
27:31 Horse Collar
DiegoArmando
6:27 Loom
9:00 Feudal Age
9:34 Double-Bit Axe
9:30 Horse Collar
13:14 Town Watch
15:10 Forging
16:19 Wheelbarrow
15:51 Scale Barding Armor
16:24 Fletching
24:21 Castle Age
25:17 Bodkin Arrow
24:42 Crossbowman
25:28 Padded Archer Armor
26:18 Bow Saw
27:01 Ballistics
Vagatela
2:40 Loom
11:27 Feudal Age
12:09 Double-Bit Axe
12:07 Horse Collar
19:25 Forging
21:09 Bloodlines
21:11 Scale Barding Armor
25:14 Castle Age
25:00 Gold Mining
25:00 Stone Mining
25:21 Light Cavalry
26:01 Husbandry
26:48 Iron Casting
CAFK
3:10 Loom
11:32 Feudal Age
15:48 Castle Age
14:18 Double-Bit Axe
15:31 Forging
18:07 Scale Barding Armor
21:35 Husbandry
22:55 Bow Saw
Ay! Cabron
7:05 Loom
10:36 Feudal Age
14:16 Double-Bit Axe
15:38 Fletching
18:19 Gold Mining
22:45 Castle Age
24:18 Bodkin Arrow
26:52 Crossbowman
Alexander The Average
5:00 Loom
16:00 Feudal Age
17:44 Wheelbarrow
16:55 Town Watch
19:59 Bloodlines
21:02 Scale Barding Armor
RustBuckets
12:53 Feudal Age
11:09 Loom
13:34 Double-Bit Axe
14:49 Horse Collar
21:53 Castle Age
21:00 Stone Mining
21:03 Fletching
21:37 Scale Mail Armor
23:19 Chain Mail Armor
27:02 Gambesons
28:05 Bodkin Arrow
28:54 Squires
Connection lost

Rejoining the realm…

Still unreachable

The connection could not be restored.

Session expired

The server has moved on; the page needs a fresh start.